 Dungeon Crawl Stone Soup version 0.25.0-26-g0c896c7088 (webtiles) character file.

Game seed: 14808446198218866249

73 Exodus22XD the Poker (level 4, -3/34 HPs)
             Began as a Demonspawn Gladiator on July 4, 2020.
             Slain by a kobold
             ... wielding a +0 short sword
              (7 damage)
             ... on level 3 of the Dungeon.
             The game lasted 00:01:40 (1729 turns).

Exodus22XD the Poker (Demonspawn Gladiator)         Turns: 1729, Time: 00:01:40

Health: -3/34      AC:  3    Str: 15    XL:     4   Next: 8%
Magic:  4/4        EV: 13    Int: 10    God:
Gold:   71         SH:  0    Dex: 14    Spells: 3/3 levels left

rFire    . . .     SeeInvis .   a - +0 trident
rCold    . . .     Gourm    .   (no shield)
rNeg     . . .     Faith    .   l - -1 leather armour (curse)
rPois    .         Spirit   .   c - +0 helmet
rElec    .         Reflect  .   (no cloak)
rCorr    .         Harm     .   (no gloves)
MR       .....                  (no boots)
Stlth    +.........             (no amulet)
HPRegen  0.11/turn              (no ring)
MPRegen  0.09/turn              (no ring)

@: no status effects
A: demonic guardian 1
a: no special abilities


You were on level 3 of the Dungeon.
You were not hungry.

You visited 1 branch of the dungeon, and saw 3 of its levels.

You collected 71 gold pieces.

Inventory:

Hand Weapons
 a - a +0 trident (weapon)
Missiles
 d - 3 throwing nets (quivered)
Armour
 b - a +0 leather armour
 c - a +0 helmet (worn)
 l - a cursed -1 leather armour (worn)
 m - a +0 scale mail
Scrolls
 e - a scroll of immolation
 h - a scroll of teleportation
 n - 2 scrolls of fog
Potions
 j - a potion of cancellation
 k - a potion of berserk rage
 o - a potion of lignification {unknown}
Comestibles
 f - 3 rations
 g - 6 chunks of flesh


   Skills:
 + Level 2.4 Fighting
 + Level 3.7 Polearms
 - Level 1.7 Throwing
 + Level 0.8 Armour
 + Level 3.2 Dodging
 + Level 0.3 Stealth


You had 3 spell levels left.
You didn't know any spells.
Your spell library was empty.

Dungeon Overview and Level Annotations

Branches:
Dungeon (3/15)

Altars:


Innate Abilities, Weirdness & Mutations

A weak demonic guardian rushes to your aid.


Message History

You are too injured to fight recklessly!
A kobold is nearby!
You are too injured to fight recklessly!
A kobold is nearby!
You are too injured to fight recklessly!
You are too injured to fight recklessly!
The kobold shouts!
The kobold hits you with a +0 short sword.
There is a stone staircase leading up here.
The kobold hits you with a +0 short sword.
* * * LOW HITPOINT WARNING * * *
You barely miss the kobold.
The kobold hits you with a +0 short sword.
* * * LOW HITPOINT WARNING * * *
You closely miss the kobold. The kobold barely misses you.
You hit the kobold but do no damage. The kobold hits you but does no damage.
You hit the kobold.
The kobold is moderately wounded.
The kobold hits you with a +0 short sword!
You die...

.##.
.... ..#
####.#
##....#
#.....#
#.รท...#
#.....#
##<@.##
##K##
#.# ..#
###


You could see a kobold.

Vanquished Creatures
  3 adders
  A dart slug (D:1)
  2 leopard geckos (D:1)
  4 giant cockroaches
  8 goblins
  2 hobgoblins
  2 jackals (D:1)
  5 kobolds (D:1)
  A quokka (D:2)
  7 bats
  A frilled lizard (D:1)
  4 rats
40 creatures vanquished.

Notes
Turn   | Place    | Note
-------+----------+-------------------------------------------
     0 | D:1      | Exodus22XD the Demonspawn Gladiator began the quest for the
                  | Orb.
     0 | D:1      | Reached XP level 1. HP: 16/16 MP: 1/1
   171 | D:1      | Gained mutation: A weak demonic guardian rushes to your
                  | aid. [demonic ancestry]
   171 | D:1      | Reached XP level 2. HP: 22/22 MP: 2/2
   847 | D:1      | Reached XP level 3. HP: 27/27 MP: 3/3
  1671 | D:3      | Reached XP level 4. HP: 21/34 MP: 4/4
  1729 | D:3      | Slain by a kobold

Illustrated notes

Levels and vault maps discovered:
D:1:      erik_arrival_blinker_ship, layout_basic, hangedman_feature_mirror,
          minivault_11
D:2:      layout_basic, hangedman_decor_points
D:3:      layout_loops_cross, okawaru_metal_pillars_1_2, first_ration,
          minivault_27, minmay_goblin_outpost, uniq_grinder

Skill      XL: |  1  2 |
---------------+-------+-----
Polearms       | 3 |  3.7
Dodging        | 3 |  3.2
Fighting       | |  2.4
Throwing       | |  1.7
Armour         | |  0.8
Stealth        | |  0.3

Action                   |  1- 3 |  4- 6 || total
-------------------------+-------+-------++-------
Melee: Trident           |   142 |     4 ||   146
  Use: Scroll            |       |     5 ||     5
 Stab: Sleeping          |     3 |       ||     3
  Eat: Chunk             |     3 |       ||     3
Armor: Leather armour    |    32 |     1 ||    33
Dodge: Dodged            |   107 |     1 ||   108
